 Dungeon Crawl Stone Soup version 0.17.1-3-g152610e (webtiles) character file.

144 Zhenya25pyc the Skirmisher (level 5, 0/33 HPs)
             Began as a Gargoyle Fighter on Apr 7, 2016.
             Slain by a gnoll
             ... wielding a +0 halberd
              (3 damage)
             ... on level 3 of the Dungeon.
             The game lasted 00:06:57 (2129 turns).

Zhenya25pyc the Skirmisher (Gargoyle Fighter)       Turns: 2129, Time: 00:06:57

Health: 0/33       AC: 13    Str: 20    XL:     5   Next: 27%
Magic:  5/5        EV:  5    Int:  9    God:
Gold:   106        SH:  8    Dex:  7    Spells: 0 memorised, 4 levels left

rFire  . . .     SeeInvis .     a - +0 flail
rCold  . . .     Clarity  .     m - +0 chain mail
rNeg   + . .     SustAt   .     c - +0 shield
rPois  ∞         Gourm    .     (no helmet)
rElec  +         Spirit   .     (no cloak)
rCorr  .         Warding  .     (no gloves)
rMut   .         Stasis   .     (no boots)
MR     .....                    j - amulet of regeneration
Stlth  ..........               (no ring)
                                k - -2 ring of dexterity (curse)

@: not resistant to hostile enchantments, extremely unstealthy
A: negative energy resistance 1, electricity resistance, unbreathing,
petrification resistance, rot immunity, AC +4
a: no special abilities


You were on level 3 of the Dungeon.
You were hungry.

You visited 1 branch of the dungeon, and saw 3 of its levels.

You collected 106 gold pieces.

Inventory:

Hand Weapons
 a - a +0 flail (weapon)
Armour
 c - a +0 shield (worn)
 m - a +0 chain mail (worn)
Jewellery
 j - an amulet of regeneration (around neck)
 k - a cursed -2 ring of dexterity (left hand)
 s - an uncursed ring of poison resistance
 u - an uncursed amulet of warding {unknown}
Wands
 q - a wand of digging (10)
Scrolls
 o - a scroll of amnesia
 r - 5 scrolls of identify
 t - 2 scrolls of remove curse {unknown}
 v - a scroll of fear {unknown}
 w - 3 scrolls of random uselessness {unknown}
 y - a scroll of blinking {unknown}
Potions
 b - a potion of lignification {unknown}
 d - 2 potions of might
 h - a potion of curing {unknown}
 i - a potion of brilliance
 l - a potion of flight {unknown}
 n - a potion of resistance {unknown}
 p - 2 potions of heal wounds {unknown}
 x - 2 potions of agility {unknown}
 A - a potion of invisibility {unknown}
Comestibles
 e - 5 bread rations
 f - 2 beef jerkies
 g - a meat ration
 z - 8 chunks of flesh


   Skills:
 + Level 4.2 Fighting
 * Level 4.0 Maces & Flails
 + Level 4.1 Armour
 - Level 3.2 Shields


You had 4 spell levels left.
You didn't know any spells.

Dungeon Overview and Level Annotations

Branches:
Dungeon (3/15)

Altars:
Gozag

Shops:
D:2 *


Innate Abilities, Weirdness & Mutations

You are resistant to torment.
Your stone body is resilient (AC +4).
You are immune to poison.
You resist negative energy.
You are resistant to electric shocks.
You can survive without breathing.
You are immune to petrification.
You are immune to rotting.


Message History

The gnoll hits you from afar with a halberd.
* * * LOW HITPOINT WARNING * * *
You block the gnoll's attack. The gnoll hits you but does no damage.
You are too injured to fight recklessly!
You are too injured to fight recklessly!
You sock the gnoll!
You kill the gnoll!
Your Maces & Flails skill increases to level 4!
You block the gnoll's attack. The gnoll hits you but does no damage.
You hit the gnoll.
You kill the gnoll!
The gnoll hits you but does no damage. The gnoll hits you with a halberd!
* * * LOW HITPOINT WARNING * * *
There is an open door, spattered with blood here.
You see here a gnoll corpse.
A rat comes into view.
Found 17 gold pieces.
The gnoll hits you from afar with a halberd.
You die...

#..........#.##+#.......
#.....#....#.## ..#)...
###...........#+#+##
####......#.......# .
#.........#.......#.#
#.........##.........
#..........+.r......#
#........###.........
#........†.g.@.......
#........#####.......
########.....#.......
######.g...##....$.
#..........# ......
#...........+......
#.........### ....#
....)......# .....
.............


You could see a gnoll and a rat.

Vanquished Creatures
  2 gnolls (D:3)
  6 adders
  2 oozes
  A worm (D:3)
  A giant gecko (D:3)
  4 orcs (D:3)
  8 bats
  5 goblins
  8 hobgoblins
  4 kobolds
  2 quokkas (D:2)
  2 giant cockroaches (D:1)
  4 giant newts (D:1)
  10 rats
59 creatures vanquished.

Notes
Turn   | Place    | Note
--------------------------------------------------------------
     0 | D:1      | Zhenya25pyc the Gargoyle Fighter began the quest for the Orb.
     0 | D:1      | Reached XP level 1. HP: 14/14 MP: 1/1
   227 | D:1      | Reached XP level 2. HP: 19/19 MP: 2/2
   723 | D:1      | Reached XP level 3. HP: 23/23 MP: 3/3
  1227 | D:2      | Found an opulent altar of Gozag.
  1229 | D:2      | Found Gozag's Platinum Reserve.
  1250 | D:2      | Reached XP level 4. HP: 27/29 MP: 4/4
  1830 | D:3      | Reached skill level 4 in Armour
  2055 | D:3      | Reached XP level 5. HP: 29/33 MP: 5/5
  2125 | D:3      | HP: 1/33 [gnoll/halberd (8)]
  2129 | D:3      | Slain by a gnoll

Action                   |  1- 3 |  4- 6 || total
-------------------------+-------+-------++-------
Melee: Flail             |    99 |   159 ||   258
  Use: Scroll            |     3 |       ||     3
  Eat: Chunk             |     1 |     3 ||     4
